 Dungeon Crawl Stone Soup version 0.30-a0-1075-gcd70e7a56d (webtiles) character file.

Game seed: 5329978454132217515

8 LobsterGuardian the Twirler (level 2, 0/31 HPs)
             Began as an Ogre Gladiator on Apr 15, 2023.
             Slain by a bat (1 damage)
             ... on level 1 of the Dungeon.
             The game lasted 00:01:20 (193 turns).

LobsterGuardian the Twirler (Ogre Gladiator)         Turns: 193, Time: 00:01:20

Health: 0/31       AC:  3    Str: 17    XL:     2   Next: 8%
Magic:  2/2        EV: 10    Int:  9    God:
Gold:   12         SH:  0    Dex: 10    Spells: 1/1 levels left

rFire   . . .      SeeInvis .    a - +0 quarterstaff
rCold   . . .      Faith    .    (shield currently unavailable)
rNeg    . . .      Spirit   .    b - +0 robe
rPois   .          Reflect  .    c - +0 hat
rElec   .          Rampage  .    (no cloak)
rCorr   .                        (gloves unavailable)
Will    .....                    (boots unavailable)
Stlth   +                        (no amulet)
HPRegen 0.25/turn                (no ring)
MPRegen 0.08/turn                (no ring)

@: flying, invisible
A: large, unfitting armour, tough skin 1
a: no special abilities


You were on level 1 of the Dungeon.
You visited 1 branch of the dungeon, and saw 1 of its levels.

You collected 12 gold pieces.

Inventory:

Hand Weapons
 a - a +0 quarterstaff (weapon)
Missiles
 d - 2 throwing nets (quivered)
 e - a large rock
Armour
 b - a +0 robe (worn)
 c - a +0 hat (worn)
Scrolls
 f - a scroll of teleportation {unknown}
 g - a scroll of identify {unknown}
 j - a scroll of vulnerability {unknown}


   Skills:
 * Level 3.0 Fighting
 - Level 3.2 Staves
 + Level 2.0 Throwing
 + Level 2.8 Dodging


You had one spell level left.
You didn't know any spells.
Your spell library was empty.

Dungeon Overview and Level Annotations

Branches:
Dungeon (1/15)

Altars:


Innate Abilities, Weirdness & Mutations

You are too large for most types of armour.
You have tough skin. (AC +1)


Message History

You are too injured to fight recklessly!
You are too injured to fight recklessly!
You are too injured to fight recklessly!
You are too injured to fight recklessly!
You are too injured to fight recklessly!
You are too injured to fight recklessly!
Unknown command.
The hobgoblin attacks as you move away! The hobgoblin hits you.
The bat barely misses you. The hobgoblin hits you.
* * * LOW HITPOINT WARNING * * *
It was a potion of flight.
You feel very buoyant.
You fly up into the air.
The hobgoblin hits you.
* * * LOW HITPOINT WARNING * * *
The hobgoblin hits you.
* * * LOW HITPOINT WARNING * * *
The bat barely misses you.
It was a potion of invisibility.
You fade into invisibility!
The bat barely misses you. The hobgoblin hits you.
* * * LOW HITPOINT WARNING * * *
The hobgoblin barely misses you.
Unknown command.
You sock the hobgoblin!
You kill the hobgoblin!
The bat hits you.
* * * LOW HITPOINT WARNING * * *
The bat barely misses you. The hobgoblin barely misses you.
The ball python misses you. The hobgoblin barely misses you.
Your Fighting skill increases to level 3!
Throw: 3 throwing nets
Press: ? - help, Q - select action, (/) - cycle Shift-Dir - straight line, f - bat
Aim: a bat (42% to hit)
You throw a throwing net. The throwing net hits the bat.
The bat is caught in the net!
The bat struggles against the net. x2
The net rips apart, and the bat comes free!
The ball python closely misses you. The hobgoblin closely misses you.
The bat hits you.
You die...

#. ##+ #. ....
#####.##### ....
#......##.# .....
.#.###..##.##.....
..................
####)##..#..##### ..
#.†#..######..#. ##
#. #....b@S......[.
.# # ##...$.g........
.### #........###..#.
...# # #..#.#...# ...
.#.#####.##..#.#.....
.
.#.....#.....#.##..##
######.####..#.##..#
#...##........#
###.##..#.##..


You could see a hobgoblin (unable to see you), a bat and a ball python (unable
to see you).

Vanquished Creatures
  A dart slug (D:1)
  A giant cockroach (D:1)
  A hobgoblin (D:1)
  A quokka (D:1)
  2 bats (D:1)
6 creatures vanquished.

Notes
Turn   | Place    | Note
-------+----------+-------------------------------------------
     0 | D:1      | LobsterGuardian the Ogre Gladiator began the quest for the
                  | Orb.
     0 | D:1      | Reached XP level 1. HP: 22/22 MP: 1/1
   170 | D:1      | Reached XP level 2. HP: 29/29 MP: 2/2
   192 | D:1      | HP: 1/29 [bat (1)]
   193 | D:1      | Slain by a bat

Illustrated notes

Levels and vault maps discovered:
D:1:      elethiomel_arrival_maze, layout_basic, minmay_tetromino_s2

Skill      XL: |  1  2 |
---------------+-------+-----
Fighting       | 3 |  3.0
Staves         | |  3.2
Throwing       | |  2.0
Dodging        | |  2.8

Action                     || total
---------------------------++-------
  Melee: Quarterstaff      ||    20
  Throw: Throwing net      ||     1
    Use: Potion            ||     2
 Armour: Robe              ||    21
  Dodge: Dodged            ||    22

Table legend: (Time is in decaauts)
 A = Elapsed time spent in this place.
 B = Non-inter-level travel time spent in this place.
 C = Inter-level travel time spent in this place.
 D = Time resting spent in this place.
 E = Time spent auto-exploring this place.
 F = Levels seen in this place.
 G = Mean time per level.
                   A        B        C        D        E       F      G
               +--------+--------+--------+--------+--------+-----+--------+
         Total |    196 |    196 |      0 |      0 |    140 |   1 |  196.0 |
       Dungeon |    196 |    196 |      0 |      0 |    140 |   1 |  196.0 |
               +--------+--------+--------+--------+--------+-----+--------+

Top non-repeatable levels by time:
     D:1: 196 daAuts
